 Dungeon Crawl Stone Soup version 0.31-a0-345-g1ebeae05c6 (webtiles) character file.

Game seed: 13284434188137049071

6507 Flugkiller the Martial Artist (level 10, 0/83 HPs)
             Began as a Demigod Shapeshifter on July 22, 2023.
             Succumbed to a kobold brigand's curare-tipped dart
             ... on level 9 of the Dungeon.
             The game lasted 00:17:13 (10660 turns).

Flugkiller the Martial Artist (DgSh)               Turns: 10660, Time: 00:17:14

Health: 0/83       AC: 11    Str: 20    XL:     10   Next: 42%
Magic:  13/13      EV: 14    Int: 10    God:
Gold:   496        SH:  6    Dex: 22    Spells: 9/9 levels left

rFire   + .          .
                       - Unarmed
rCold   + . .        o - +0 buckler
rNeg    . . .        l - +3 ring mail
rPois   +            b - +0 helmet
rElec   +            s - +1 cloak
rCorr   +            i - +0 pair of gloves
SInv    .            g - +2 pair of boots
Will    +....        (no amulet)
Stlth   +            (no ring)
HPRegen 0.33/turn    (no ring)
MPRegen 0.13/turn

%: no passive effects
@: lethally poisoned (0 -> -8), resistant, corroded, hasted and slowed, studying
Unarmed Combat
A: high MP 1, forlorn, divine attributes
a: no special abilities


You were on level 9 of the Dungeon.
You visited 1 branch of the dungeon, and saw 8 of its levels.
You also visited: Bailey.

You collected 496 gold pieces.

Inventory:

Missiles
 B - a curare-tipped dart
Armour
 b - a +0 helmet (worn)
   (You took it off Robin on level 2 of the Dungeon)
 g - a +2 pair of boots (worn)
   (You found it on level 1 of the Dungeon)
 i - a +0 pair of gloves (worn)
   (You found it on level 3 of the Dungeon)
 l - a +3 ring mail (worn)
   (You took it off an orc in a bailey)
 o - a +0 buckler (worn)
   (You found it on level 2 of the Dungeon)
 s - a +1 cloak (worn)
   (You found it on level 3 of the Dungeon)
Jewellery
 e - a ring of fire
   (You found it on level 9 of the Dungeon)
Talismans
 c - a beast talisman
Wands
 v - a wand of polymorph (15)
   (You took it off Pikel on level 4 of the Dungeon)
 y - a wand of iceblast (1)
   (You found it on level 6 of the Dungeon)
Scrolls
 a - a scroll of revelation
 d - a scroll of fog
 h - a scroll of brand weapon
 p - a scroll of silence
 q - a scroll of enchant weapon {unknown}
 u - a scroll of fear {unknown}
 x - a scroll of amnesia {unknown}
Potions
 k - a potion of brilliance


   Skills:
 - Level 6.0 Fighting
 - Level 6.0 Dodging
 - Level 4.0 Shields
 + Level 13.3 Unarmed Combat
 - Level 4.0 Evocations
 - Level 2.6 Shapeshifting


You had 9 spell levels left.
You didn't know any spells.
Your spell library contained the following spells:

 Spells                   Type           Power      Damage    Failure   Level
 Magic Dart               Conj           0%         1d3       63%         1
 Call Imp                 Summ           0%         N/A       77%         2
 Dazzling Flash           Conj/Hex       0%         N/A       94%         3
 Gell's Gravitas          Tloc           0%         N/A       94%         3
 Inner Flame              Hex/Fire       0%         N/A       94%         3
 Mephitic Cloud           Conj/Pois/Air  0%         N/A       94%         3
 Portal Projectile        Hex/Tloc       0%         N/A       94%         3
 Teleport Other           Tloc           0%         N/A       94%         3
 Tukima's Dance           Hex            0%         N/A       94%         3
 Flame Wave               Conj/Fire      0%         2d4       100%        4
 Iskenderun's Mystic Bla  Conj/Tloc      0%         2d3       100%        4
 Sticky Flame             Conj/Fire      0%         2d3       100%        4
 Agony                    Necr           0%         N/A       100%        5
 Silence                  Hex/Air        0%         N/A       100%        5
 Dispersal                Tloc           0%         N/A       100%        6


Dungeon Overview and Level Annotations

Branches:
Dungeon (9/15) Zot: 25648  Temple (0/1) D:4          Bailey (visited)
   Lair: D:8-11         Orc: D:9-12

Shops:
D:2 *   D:9 ?

Annotations:
D:5 Prince Ribbit
D:6 exclusion: upstairs


Innate Abilities, Weirdness & Mutations

You have an increased reservoir of magic. (+10% MP)
You shall have no god before yourself.
Your divine heritage dramatically boosts your attributes as you level up.


Message History

Your butterfly disappears in a burst of colours!
Your butterfly is engulfed in poison gas.
Your butterfly is poisoned.
You kill your butterfly!
Your butterfly disappears in a burst of colours!
Your butterfly is engulfed in poison gas.
Your butterfly is poisoned.
You kill your butterfly!
Your butterfly disappears in a burst of colours!
Your butterfly is engulfed in poison gas.
Your butterfly is poisoned.
You kill your butterfly!
Your butterfly disappears in a burst of colours!
Your butterfly is engulfed in poison gas.
Your butterfly is poisoned.
You kill your butterfly!
Your butterfly disappears in a burst of colours!
Your butterfly is engulfed in poison gas.
Your butterfly is poisoned.
You kill your butterfly!
Your butterfly disappears in a burst of colours!
Your butterfly is engulfed in poison gas.
Your butterfly is poisoned.
You kill your butterfly!
Your butterfly disappears in a burst of colours!
Your butterfly is engulfed in poison gas.
Your butterfly is poisoned.
You kill your butterfly!
Your butterfly disappears in a burst of colours!
Your butterfly is poisoned.
You kill your butterfly!
Your butterfly disappears in a burst of colours!
Your butterfly is engulfed in poison gas.
Your butterfly is poisoned.
You kill your butterfly!
Your butterfly disappears in a burst of colours!
Your butterfly is engulfed in poison gas.
Your butterfly is poisoned.
You kill your butterfly!
Your butterfly disappears in a burst of colours!
Your butterfly is engulfed in poison gas.
Your butterfly is poisoned.
You kill your butterfly!
Your butterfly disappears in a burst of colours!
Aiming: Iceblast
Press: ? - help, Shift-Dir - straight line, f - acid dragon
Aim: an acid dragon (almost dead, ally target) Really fire at your butterfly?
The mass of ice explodes!
The iceblast engulfs the acid dragon!!
You kill the acid dragon!
The iceblast engulfs your butterfly!
You kill your butterfly!
Your butterfly disappears in a burst of colours!
The iceblast engulfs the kobold brigand!
The kobold brigand is heavily wounded.
You hear a howl!
You hear a bellow!
Your butterfly is engulfed in poison gas.
Your butterfly is poisoned.
You kill your butterfly!
Your butterfly disappears in a burst of colours!
Your butterfly is engulfed in poison gas.
Your butterfly is poisoned.
You kill your butterfly!
Your butterfly disappears in a burst of colours!
The kobold brigand throws a curare-tipped dart.
The curare-tipped dart hits you.
Unknown command.
Your butterfly is engulfed in poison gas.
Your butterfly is poisoned.
You kill your butterfly!
Your butterfly disappears in a burst of colours!
Your butterfly is poisoned.
The kobold brigand throws a curare-tipped dart.
The curare-tipped dart hits you.
You are poisoned.
You have difficulty breathing.
* * * LOW HITPOINT WARNING * * *
You feel yourself slow down.
It was a potion of haste.
You feel yourself speed up.
* * * LOW HITPOINT WARNING * * *
You feel very sick.
You kill your butterfly!
Your butterfly disappears in a burst of colours!
Your butterfly is engulfed in poison gas.
Your butterfly is poisoned.
You kill your butterfly!
Your butterfly disappears in a burst of colours!
Your butterfly is engulfed in poison gas.
Your butterfly is poisoned.
You kill your butterfly!
Your butterfly disappears in a burst of colours!
Really read the scroll of torment?
As you read the scroll of torment, it crumbles to dust.
Your body is wracked with pain!
* * * LOW HITPOINT WARNING * * *
The kobold brigand convulses!
* * * LOW HITPOINT WARNING * * *
You feel very sick.
Unknown command.
You die...

#....[ #.#### #.# #.# #.#
### ########## #######.#
..#
#§§§§.§§.#####.......####
..#
#§☼...§..#.....#.#.......
..#
#☼......@#.b...#.#.......
..#
#§§..☼.§K#..b..#...#####.
..####
#§§☼..☼.†§.....###.#.?h#8
.....####§☼......#○....#


#.#hyDgc .........§☼○§§>######### #.#KC$#8 .....#########.### #.#####g .....#
#.....○...# #....c.. .....# #.........# ######## .....# #.........# You could
see a kobold brigand.

Vanquished Creatures
  Pikel (D:4)
  A hornet (D:9)
  A wyvern (D:9)
  A shadow (D:9)
  A wraith (D:9)
  4 yaks (D:9)
  2 acid dragons (D:9)
  11 orc warriors
  A water moccasin (D:7)
  2 sky beasts (D:7)
  2 black bears
  3 ice beasts
  9 centaurs
  2 ogres
  Blork the orc (D:4)
  3 kobold brigands
  A phantom (D:6)
  2 bullfrogs
  A gnoll sergeant (D:7)
  3 scorpions
  4 wights (D:7)
  4 vampire bats (D:4)
  3 howler monkeys (D:9)
  2 jellies
  2 gnoll boudas (D:7)
  2 hounds (D:5)
  2 sleepcaps (D:6)
  An iguana (D:6)
  Ijyb (D:5)
  7 orc wizards
  Natasha (twice) (D:4)
  Robin (D:2)
  8 gnolls
  4 adders
  A shadow imp (D:6)
  A white imp (D:7)
  2 worms
  A dart slug (D:1)
  43 orcs
  6 ball pythons
  4 endoplasms
  3 giant cockroaches
  17 goblins
  7 hobgoblins
  9 jackals
  13 kobolds
  4 quokkas
  7 bats
  A frilled lizard (D:3)
  A rat (D:2)
215 creatures vanquished.

Vanquished Creatures (others)
  5 dream sheep (D:6)
  An orc wizard (D:6)
6 creatures vanquished.

Grand Total: 221 creatures vanquished

Notes
Turn   | Place    | Note
-------+----------+-------------------------------------------
     0 | D:1      | Flugkiller the Demigod Shapeshifter began the quest for the
                  | Orb.
     0 | D:1      | Reached XP level 1. HP: 15/15 MP: 3/3
    38 | D:1      | Reached skill level 1 in Fighting
    70 | D:1      | Reached skill level 3 in Unarmed Combat
   169 | D:1      | Reached XP level 2. HP: 12/23 MP: 4/4
  1028 | D:2      | Found Zomosupt's Assorted Antiques.
  1208 | D:2      | Reached XP level 3. HP: 26/29 MP: 5/5
  1289 | D:2      | Noticed Robin
  1361 | D:2      | Killed Robin
  1960 | D:3      | Reached XP level 4. HP: 32/37 MP: 6/6
  2863 | D:4      | Reached skill level 1 in Shields
  2874 | D:4      | Reached skill level 4 in Unarmed Combat
  2874 | D:4      | Reached XP level 5. HP: 44/44 MP: 7/7
  2926 | D:4      | Noticed Pikel
  2953 | D:4      | Killed Pikel
  2954 | D:4      | Reached XP level 6. HP: 40/52 MP: 8/8
  2954 | D:4      | Reached XP level 7. HP: 45/59 MP: 9/9
  3146 | D:4      | Found a staircase to the Ecumenical Temple.
  3338 | D:4      | Noticed Natasha
  3355 | D:4      | Killed Natasha
  3356 | D:4      | Reached skill level 5 in Dodging
  3737 | D:4      | Noticed Blork the orc
  3749 | D:4      | Killed Blork the orc
  4006 | D:4      | Noticed Natasha
  4015 | D:4      | Killed Natasha
  4077 | D:5      | Entered Level 5 of the Dungeon
  4508 | D:5      | Noticed Ijyb
  4608 | D:5      | Killed Ijyb
  4733 | D:5      | Reached XP level 8. HP: 60/67 MP: 10/10
  5265 | D:6      | Noticed Prince Ribbit
  5280 | D:5      | Prince Ribbit changed into Prince Ribbit the blink frog
  5280 | D:5      | Noticed Prince Ribbit
  5550 | D:6      | Reached skill level 5 in Fighting
  5550 | D:6      | Reached skill level 5 in Unarmed Combat
  6342 | D:6      | Noticed a dream sheep
  6342 | D:6      | Noticed a dream sheep
  6342 | D:6      | Noticed a dream sheep
  6342 | D:6      | Noticed a dream sheep
  6342 | D:6      | Noticed a dream sheep
  6347 | D:6      | Killed a dream sheep
  6347 | D:6      | Killed a dream sheep
  6348 | D:6      | Killed a dream sheep
  6348 | D:6      | Killed a dream sheep
  6348 | D:6      | Killed a dream sheep
  6541 | D:6      | Reached skill level 6 in Unarmed Combat
  6741 | D:7      | Found a flagged portal.
  6762 | Bailey   | Entered a bailey
  7041 | Bailey   | Reached XP level 9. HP: 66/75 MP: 11/11
  7774 | Bailey   | Reached skill level 7 in Unarmed Combat
  8198 | Bailey   | Reached skill level 8 in Unarmed Combat
  8624 | D:7      | Acquired a manual of Unarmed Combat
  8723 | D:7      | Reached skill level 9 in Unarmed Combat
  8971 | D:7      | Reached skill level 10 in Unarmed Combat
  9319 | D:7      | You fall into a shaft and drop 2 floors!
  9346 | D:9      | Reached XP level 10. HP: 73/83 MP: 13/13
  9382 | D:9      | Reached skill level 11 in Unarmed Combat
  9418 | D:9      | Reached skill level 12 in Unarmed Combat
  9908 | D:9      | Found The Oracle's Delphic Readings.
 10158 | D:9      | Found a runed translucent door.
 10161 | D:9      | Noticed a cyclops
 10333 | D:9      | Paralysed by a hornet for 3 turns
 10339 | D:9      | Reached skill level 13 in Unarmed Combat
 10343 | D:9      | HP: 4/83 [poisoned by a hornet]
 10659 | D:9      | HP: 2/83 [poisoned by a kobold brigand (curare-tipped
                  | dart)]
 10660 | D:9      | Succumbed to a kobold brigand's curare-tipped dart

Illustrated notes

Levels and vault maps discovered:
D:1:      nicolae_arrival_washed_ashore, layout_basic,
          nicolae_kite_square_tiling_tiny, patterned_corridor
D:2:      layout_basic, serial_shops, nicolae_shop_competitors_out_of_business,
          basic_altar, uniq_robin
D:3:      layout_basic, serial_corexii_hall, corexii_hall_statues_x,
          chequers_hall_statues_wall_a, corexii_hall_statues_x,
          corexii_hall_statues_deadend, minmay_misc_feat_plants
D:4:      layout_loops_corners, minmay_temple_entry_nine_rooms,
          chequers_hall_statues_wall_a, roderic_batcave, uniq_pikel,
          uniq_blork_the_orc, uniq_natasha
D:5:      layout_loops_cross, uniq_ijyb
D:6:      layout_cave_pools, nicolae_overflow_hallway_of_the_gods,
          kb_xom_exploding_sheep, uniq_prince_ribbit1
D:7:      nzn_winding_woodlands_stair_cross [nzn_winding_woodlands_5x15_zeroes,
          nzn_winding_woodlands_center_triple_pond,
          nzn_winding_woodlands_5x15_longhouse, nzn_winding_woodlands_5x5_cross,
          nzn_winding_woodlands_5x5_checkerboard,
          nzn_winding_woodlands_5x15_cabin,
          nzn_winding_woodlands_center_pierced_h,
          nzn_winding_woodlands_5x15_jagged], layout_loops_ring,
          mainiacjoe_overflow_surrounded_room, mainiacjoe_overflow_alcove_4,
          enter_bailey_7
D:9:      layout_basic, minmay_st_funbox, nicolae_nh_oracle_at_delphi

Skill      XL: |  1  2  3  4  5  6  7  8  9 10 |
---------------+-------------------------------+-----
Fighting       | 1 2 4 6 |  6.0
Unarmed Combat | 3 4 6 10 13 | 13.3
Dodging        | 2 4 6 |  6.0
Shields        | 1 2 4 |  4.0
Evocations     | 2 3 4 |  4.0
Shapeshifting  | |  2.6

Action                     |  1- 3 |  4- 6 |  7- 9 | 10-12 || total
---------------------------+-------+-------+-------+-------++-------
  Melee: Unarmed           |   170 |   104 |   811 |   132 ||  1217
         Punch             |     3 |       |       |       ||     3
  Evoke: Wand              |       |     2 |    15 |     3 ||    20
    Use: Scroll            |     1 |     2 |     9 |     8 ||    20
         Potion            |     1 |     1 |     1 |     6 ||     9
   Stab: Sleeping          |     3 |       |       |       ||     3
 Armour: Animal skin       |    43 |       |       |       ||    43
         Skin              |     5 |       |       |       ||     5
         Ring mail         |       |    65 |   297 |    35 ||   397
  Dodge: Dodged            |    94 |    88 |   541 |    60 ||   783
  Block: Buckler           |     3 |    35 |   213 |    25 ||   276
         Form:             |     1 |       |       |       ||     1

Table legend: (Time is in decaauts)
 A = Elapsed time spent in this place.
 B = Non-inter-level travel time spent in this place.
 C = Inter-level travel time spent in this place.
 D = Time resting spent in this place.
 E = Time spent auto-exploring this place.
 F = Levels seen in this place.
 G = Mean time per level.
                   A        B        C        D        E       F      G
               +--------+--------+--------+--------+--------+-----+--------+
         Total |  10626 |  10181 |    445 |   2993 |   3950 |   9 | 1180.7 |
       Dungeon |   8840 |   8395 |    445 |   2217 |   3895 |   8 | 1105.0 |
        Bailey |   1785 |   1785 |      0 |    776 |     55 |   1 | 1785.0 |
               +--------+--------+--------+--------+--------+-----+--------+

Top non-repeatable levels by time:
  Bailey: 1785 daAuts
     D:6: 1379 daAuts
     D:9: 1351 daAuts
     D:4: 1161 daAuts
     D:5: 1160 daAuts
     D:3: 1056 daAuts
     D:1: 964 daAuts
     D:2: 922 daAuts
     D:7: 843 daAuts
